 Dungeon Crawl Stone Soup version 0.19.5 (webtiles) character file.

14 tidbits the Skirmisher (level 2, 18/19 HPs)
             Began as a High Elf Wanderer on Oct 31, 2017.
             Was a Follower of Kikubaaqudgha.
             Quit the game on level 2 of the Dungeon.
             The game lasted 00:02:28 (339 turns).

tidbits the Skirmisher (High Elf Wanderer)           Turns: 339, Time: 00:02:29

Health: 18/19      AC:  2    Str: 12    XL:     2   Next: 27%
Magic:  3/3        EV: 12    Int: 16    God:    Kikubaaqudgha [*.....]
Gold:   49         SH:  0    Dex: 12    Spells: 0 memorised, 1 level left

rFire  . . .     SeeInvis .     b - +0 hand crossbow
rCold  . . .     Gourm    .     B - +0 robe
rNeg   . . .     Faith    .     (no shield)
rPois  .         Spirit   .     (no helmet)
rElec  .         Reflect  .     (no cloak)
rCorr  .         Harm     .     (no gloves)
MR     .....                    (no boots)
Stlth  ++........               (no amulet)
                                (no ring)
                                V - +1 ring of evasion

@: no status effects
A: no striking features
a: Receive Corpses, Renounce Religion


You were on level 2 of the Dungeon.
You worshipped Kikubaaqudgha.
Kikubaaqudgha was aware of your devotion.
You were not hungry.

You visited 1 branch of the dungeon, and saw 2 of its levels.

You collected 49 gold pieces.

Inventory:

Hand Weapons
 a - a +2 dagger
 b - a +0 hand crossbow (weapon)
 j - a +0 hand axe
   (You found it on level 1 of the Dungeon)
Missiles
 d - 27 bolts (quivered)
 i - 22 stones
 m - 10 poisoned needles
 p - 23 sling bullets
Armour
 B - a +0 robe (worn)
Jewellery
 V - a +1 ring of evasion (left hand)
   (You found it on level 2 of the Dungeon)
Scrolls
 e - a scroll of teleportation
 f - a scroll of recharging {unknown}
 g - a scroll of blinking
 k - a scroll of noise {unknown}
 l - a scroll of identify {unknown}
Potions
 h - a potion of curing {unknown}
 n - a potion of flight {unknown}
 o - a potion of haste {unknown}
Books
 q - Kikubaaqudgha's Collected Works on Dark Magic
   (Kikubaaqudgha gifted it to you on level 2 of the Dungeon)

   Spells                             Type                      Level
   a - Pain                           Necromancy                   1
   b - Corpse Rot                     Necromancy                   2
   c - Sublimation of Blood           Necromancy                   2
   d - Vampiric Draining              Necromancy                   3
   e - Control Undead                 Necromancy                   4
Comestibles
 c - 2 bread rations


   Skills:
 + Level 2.2 Fighting
   Level 1.3 Bows
 + Level 1.2 Throwing
 + Level 2.2 Armour
 + Level 1.5 Stealth
   Level 1.1 Conjurations
   Level 1.7 Summonings


You had one spell level left.
You didn't know any spells.

Dungeon Overview and Level Annotations

Branches:
Dungeon (2/15)

Altars:
Kikubaaqudgha


Message History

You hit the kobold.
The kobold is severely wounded.
The kobold closely misses you.
You completely miss the kobold.
The kobold is severely wounded.
The kobold hits you.
You closely miss the kobold.
The kobold is severely wounded.
The kobold barely misses you.
You closely miss the kobold.
The kobold is severely wounded.
The kobold barely misses you.
You closely miss the kobold.
The kobold is severely wounded.
The kobold misses you.
You closely miss the kobold.
The kobold is severely wounded.
The kobold barely misses you.
You closely miss the kobold.
The kobold is severely wounded.
The kobold misses you.
You closely miss the kobold.
The kobold is severely wounded.
The kobold misses you.
You hit the kobold.
You kill the kobold!
You have reached level 2!
i - 22 stones (gained 3)
d - 27 bolts (gained 1)
b - a +0 hand crossbow (weapon)
A hobgoblin comes into view. It is wielding a club.
Firing (i - inventory. (,) - cycle):
d - 27 bolts (quivered)
Press: ? - help, Shift-Dir - straight line, f - hobgoblin
Aim: a hobgoblin, wielding a club (resting)
You shoot a bolt. The bolt hits the hobgoblin.
The hobgoblin shouts!
The hobgoblin is severely wounded.
The hobgoblin hits you but does no damage.
a - a +2 dagger (weapon)
You hit the hobgoblin.
You kill the hobgoblin!
No target in view!
You see here a club.
d - 27 bolts (gained 1)
b - a +0 hand crossbow (weapon)
There is a stone staircase leading down here.
You climb downwards.
A dart slug comes into view.
Found a grey potion.
There is a stone staircase leading up here.
Firing (i - inventory. (,) - cycle):
d - 27 bolts (quivered)
Press: ? - help, Shift-Dir - straight line, f - dart slug
Aim: a dart slug (resting)
You shoot a bolt. The bolt hits the dart slug.
The dart slug is heavily wounded.
Firing (i - inventory. (,) - cycle):
d - 26 bolts (quivered)
Press: ? - help, Shift-Dir - straight line, f/p - dart slug
Aim: a dart slug (heavily wounded)
You shoot a bolt. The bolt hits the dart slug.
You kill the dart slug!
Found a black potion.
Found 23 sling bullets.
d - 26 bolts (gained 1)
You see here a dart slug corpse.
d - 27 bolts (gained 1)
n - a grey potion
Found an escape hatch in the floor.
Found a stone staircase leading down.
o - a black potion
Found a faded altar of an unknown god.
You see here 23 sling bullets.
p - 23 sling bullets A goblin comes into view.
It is wielding a club.
There is an escape hatch in the floor here.
Firing (i - inventory. (,) - cycle):
d - 27 bolts (quivered)
Press: ? - help, Shift-Dir - straight line, f - goblin
Aim: a goblin, wielding a club (resting)
You shoot a bolt. The bolt hits the goblin.
You kill the goblin!
Found 22 bolts.
d - 27 bolts (gained 1)
You see here a club.
There is a faded altar of an unknown god here.
You cannot tell which god this altar belongs to.
Convert to them anyway?
Okay, then.
Put on which piece of jewellery? (? for menu, Esc to quit)
You don't have any such object.
Put on which piece of jewellery? (? for menu, Esc to quit)
Huh?
Put on which piece of jewellery? (? for menu, Esc to quit)
Okay, then.
You cannot tell which god this altar belongs to.
Convert to them anyway?
Kikubaaqudgha accepts your prayer! Kikubaaqudgha welcomes you!
You can now receive cadavers from Kikubaaqudgha.
You see here Kikubaaqudgha's Collected Works on Dark Magic.
Kikubaaqudgha grants you a gift! q - Kikubaaqudgha's Collected Works on Dark Magic
Okay, then.
Are you sure you want to abandon this character and quit the game? (Confirm with "yes".)

#.#.....# #####
#.......# <...#
##......#
###.#######......#
.........##.....>#######
.........###...........#
.........# #>..........#
.........# ###..#......#
...............#@#.....#
#############...#.....)#
..#.....<# ##.....#####
#.###.#### ##....# #.#
#.# #....# #.###.#
#....# #.....# (.....#
####### ###....# #
#.####


There were no monsters in sight!

Vanquished Creatures
  2 dart slugs
  A bat (D:1)
  A goblin (D:2)
  3 hobgoblins (D:1)
  A kobold (D:1)
  A rat (D:1)
9 creatures vanquished.

Notes
Turn   | Place    | Note
-------+----------+-------------------------------------------
     0 | D:1      | tidbits the High Elf Wanderer began the quest for the Orb.
     0 | D:1      | tidbits set off with: a +2 dagger, a scroll of blinking, a +0 hand crossbow, 27 bolts, a scroll of teleportation, a +0 robe, a bread ration
     0 | D:1      | Reached XP level 1. HP: 14/14 MP: 2/2
   123 | D:1      | Reached skill level 2 in Armour
   264 | D:1      | Reached XP level 2. HP: 14/19 MP: 3/3
   316 | D:2      | Found a faded altar of an unknown god.
   337 | D:2      | Became a worshipper of Kikubaaqudgha
   337 | D:2      | Reached * piety under Kikubaaqudgha
   337 | D:2      | Identified Kikubaaqudgha's Collected Works on Dark Magic (Kikubaaqudgha gifted it to you on level 2 of the Dungeon)
   337 | D:2      | Received a gift from Kikubaaqudgha
   339 | D:2      | Quit the game

Skill      XL: |  1 |
---------------+----+-----
Armour         | 2 |  2.2
Fighting       | |  2.2
Bows           | |  1.3
Throwing       | |  1.2
Stealth        | |  1.5
Conjurations   | |  1.1
Summonings     | |  1.7

Action                   || total
-------------------------++-------
Melee: Dagger            ||    15
 Fire: Hand crossbow     ||    13
Armor: Robe              ||     3
Dodge: Dodged            ||    10

Table legend:
 A = Turns spent in this place as a percentage of turns spent in the entire game.
 B = Non-inter-level travel turns spent in this place as a percentage of non-inter-level travel turns spent in the entire game.
 C = Inter-level travel turns spent in this place as a percentage of turns spent in this place.
 D = Turns resting spent in this place as a percentage of non-inter-level travel turns spent in this place.
 E = Turns spent auto-exploring this place as a percentage of non-inter-level travel turns spent in this place.
 F = Non-inter-level travel turns spent in this place divided by the number of levels of this place that you've seen.
                   A       B       C       D       E      F
               +-------+-------+-------+-------+-------+----------------------
         Total | 100.0 | 100.0 |   0.0 |   0.0 |   0.0 | 150.5
       Dungeon | 100.0 | 100.0 |   0.0 |   0.0 |   0.0 | 150.5
               +-------+-------+-------+-------+-------+----------------------

Table legend:
 A = Kills in this place as a percentage of kills in entire the game.
 B = Kills by you in this place as a percentage of kills by you in the entire game.
 C = Kills by friends in this place as a percentage of kills by friends in the entire game.
 D = Other kills in this place as a percentage of other kills in the entire game.
 E = Experience gained in this place as a percentage of experience gained in the entire game.
 F = Experience gained in this place divided by the number of levels of this place that you have seen.
                   A       B       C       D       E      F
               +-------+-------+-------+-------+-------+----------------------
         Total | 100.0 | 100.0 |  -nan |  -nan | 100.0 |  10.0
       Dungeon | 100.0 | 100.0 |  -nan |  -nan | 100.0 |  10.0
               +-------+-------+-------+-------+-------+----------------------

Vault maps used:
D:1:      matt_arrival_grand_opening, serial_bayou, serial_bayou_ford_a,
          serial_bayou_pond_e, serial_bayou_crossing, serial_bayou_pond_d
D:2:      ecumenical_altar_1, tgw_kikubaaqudgha
